| TOP OF THE 1ST |
|
San Francisco Giants batting - Pitching for Los Angeles Dodgers : RHP Mario Soto
|
|
Pitching: RHP Mario Soto
|
|
|
Batting: SHB Larry Reynolds
|
0-0: Called Strike 0-1: Called Strike 0-2: Strikes out swinging
|
|
Batting: RHB Kevin Howard
|
0-0: Ball 1-0: Called Strike 1-1: TRIPLE (Flyball, 9LD, EV 108.1 MPH)
|
|
Batting: LHB Keith Hernandez
|
0-0: Ball 1-0: Swinging Strike 1-1: Ground out 6-3 (Groundball, 6, EV 101.9 MPH) Kevin Howard scores
|
|
Batting: RHB Phil Bailey
|
0-0: Ball 1-0: Called Strike 1-1: Called Strike 1-2: Ball 2-2: Ball 3-2: Ground out 6-3 (Groundball, 6, EV 83.1 MPH)
|
| Top of the 1st over - 1 run, 1 hit, 0 errors, 0 left on base; San Francisco 1 - Los Angeles 0 |
| BOTTOM OF THE 1ST |
|
Los Angeles Dodgers batting - Pitching for San Francisco Giants : LHP Floyd Bannister
|
|
Pitching: LHP Floyd Bannister
|
|
|
Batting: RHB Billy Sample
|
0-0: Called Strike 0-1: Foul Ball, location: 2F 0-2: Ball 1-2: DOUBLE (Line Drive, 9LM, EV 105.6 MPH)
|
|
Batting: SHB Spike Owen
|
0-0: Ball 1-0: Ball 2-0: Ball 3-0: Base on Balls
|
|
Batting: RHB Dick Davis
|
0-0: Grounds into double play, 4-6-3 (Groundball, 4, EV 91.3 MPH) Billy Sample to third
|
|
Batting: RHB Jerry Keller
|
0-0: Called Strike 0-1: Ball 1-1: Fly out, F8 (Flyball, 89M, EV 88.1 MPH)
|
| Bottom of the 1st over - 0 runs, 1 hit, 0 errors, 1 left on base; San Francisco 1 - Los Angeles 0 |
| TOP OF THE 2ND |
|
San Francisco Giants batting - Pitching for Los Angeles Dodgers : RHP Mario Soto
|
|
Batting: RHB Don Slaught
|
0-0: Called Strike 0-1: Ball 1-1: Ball 2-1: Called Strike 2-2: Ball 3-2: Strikes out swinging
|
|
Batting: SHB Tyler O'Dell
|
0-0: Ball 1-0: Ball 2-0: Called Strike 2-1: Foul Ball, location: 2F 2-2: Ball 3-2: Fly out, F8 (Line Drive, 8RD, EV 98.8 MPH)
|
|
Batting: RHB Dickie Thon
|
0-0: Ball 1-0: Ground out U3 (Groundball, 13, EV 90.6 MPH)
|
| Top of the 2nd over - 0 runs, 0 hits, 0 errors, 0 left on base; San Francisco 1 - Los Angeles 0 |
| BOTTOM OF THE 2ND |
|
Los Angeles Dodgers batting - Pitching for San Francisco Giants : LHP Floyd Bannister
|
|
Batting: RHB Barry Evans
|
0-0: Foul Ball, location: 2F 0-1: Swinging Strike 0-2: Ball 1-2: Ball 2-2: Fly out, F4 (Popup, 4M, EV 76.3 MPH)
|
|
Batting: LHB Darren Daulton
|
0-0: Ball 1-0: Swinging Strike 1-1: Ball 2-1: Foul Ball, location: 2F 2-2: Ball 3-2: Base on Balls
|
|
Batting: RHB Roberto Reyes
|
0-0: Called Strike 0-1: Ball 1-1: Called Strike 1-2: Ball 2-2: Ball 3-2: Strikes out looking
|
|
Batting: RHB Mike Shelton
|
0-0: Ball 1-0: Ball 2-0: Called Strike 2-1: Fly out, F7 (Flyball, 7LS, EV 75.0 MPH)
|
| Bottom of the 2nd over - 0 runs, 0 hits, 0 errors, 1 left on base; San Francisco 1 - Los Angeles 0 |
| TOP OF THE 3RD |
|
San Francisco Giants batting - Pitching for Los Angeles Dodgers : RHP Mario Soto
|
|
Batting: LHB Doug Frobel
|
0-0: Called Strike 0-1: Ball 1-1: Ground out 6-3 (Groundball, 6S, EV 76.9 MPH)
|
|
Batting: LHB Floyd Bannister
|
0-0: Ball 1-0: Ball 2-0: Ball 3-0: Called Strike 3-1: Base on Balls
|
|
Batting: SHB Larry Reynolds
|
0-0: Ball 1-0: Foul Ball, location: 2F 1-1: Swinging Strike 1-2: Foul Ball, location: 2F 1-2: Foul Ball, location: 2F 1-2: Strikes out swinging
|
|
Batting: RHB Kevin Howard
|
0-0: Ball 1-0: Ball 2-0: Foul Ball, location: 2F 2-1: Ball 3-1: Fly out, F7 (Flyball, 78D, EV 95.6 MPH)
|
| Top of the 3rd over - 0 runs, 0 hits, 0 errors, 1 left on base; San Francisco 1 - Los Angeles 0 |
| BOTTOM OF THE 3RD |
|
Los Angeles Dodgers batting - Pitching for San Francisco Giants : LHP Floyd Bannister
|
|
Batting: RHB Mario Soto
|
0-0: Called Strike 0-1: SINGLE (Line Drive, 9S, EV 98.1 MPH)
|
|
Batting: RHB Billy Sample
|
0-0: Foul Ball, location: 2F 0-1: Ball 1-1: Bunted foul 1-2: Foul Ball, location: 2F 1-2: Ball 2-2: Fly out, F8 (Flyball, 89D, EV 83.1 MPH)
|
|
Batting: SHB Spike Owen
|
0-0: Ball 1-0: Fielders Choice at 2nd, 5-4 (Groundball, 5, EV 79.4 MPH)
|
|
Batting: RHB Dick Davis
|
0-0: Ball 1-0: Ball 2-0: Ball 3-0: Called Strike 3-1: Base on Balls Spike Owen to second
|
|
Batting: RHB Jerry Keller
|
0-0: Ball 1-0: Foul Ball, location: 2F 1-1: Ball 2-1: Foul Ball, location: 2F 2-2: Ball 3-2: SINGLE (Groundball, 4MD, EV 100.0 MPH) Spike Owen to third Dick Davis to second Spike Owen scores Dick Davis to third
|
|
Batting: RHB Barry Evans
|
0-0: Ball 1-0: Called Strike 1-1: Fly out, F7 (Flyball, 7, EV 89.4 MPH)
|
| Bottom of the 3rd over - 1 run, 2 hits, 0 errors, 2 left on base; San Francisco 1 - Los Angeles 1 |
| TOP OF THE 4TH |
|
San Francisco Giants batting - Pitching for Los Angeles Dodgers : RHP Mario Soto
|
|
Batting: LHB Keith Hernandez
|
0-0: Foul Ball, location: 2F 0-1: SINGLE (Groundball, 25, EV 69.4 MPH) (infield hit)
|
|
Batting: RHB Phil Bailey
|
0-0: Ball 1-0: Called Strike 1-1: Ball 2-1: Ball 3-1: Foul Ball, location: 2F 3-2: Foul Ball, location: 2F 3-2: Foul Ball, location: 2F 3-2: SINGLE (Line Drive, 8RS, EV 90.6 MPH) Keith Hernandez to second Runner from 2nd tries for 3rd, SAFE, no throw by CF
|
|
Batting: RHB Don Slaught
|
0-0: Swinging Strike 0-1: Fielders Choice at 2nd, 6-4 (Groundball, 6, EV 81.3 MPH) Keith Hernandez scores
|
|
Batting: SHB Tyler O'Dell
|
0-0: Ball 1-0: Called Strike 1-1: Ball Don Slaught is caught stealing 2nd base 2-6 2-1: Called Strike 2-2: Ground out U3 (Groundball, 3, EV 76.9 MPH)
|
| Top of the 4th over - 1 run, 2 hits, 0 errors, 0 left on base; San Francisco 2 - Los Angeles 1 |
| BOTTOM OF THE 4TH |
|
Los Angeles Dodgers batting - Pitching for San Francisco Giants : LHP Floyd Bannister
|
|
Batting: LHB Darren Daulton
|
0-0: Called Strike 0-1: Ball 1-1: Ground out 4-3 (Groundball, 4, EV 103.1 MPH)
|
|
Batting: RHB Roberto Reyes
|
0-0: Ball 1-0: Called Strike 1-1: Ground out 5-3 (Groundball, 56, EV 85.0 MPH)
|
|
Batting: RHB Mike Shelton
|
0-0: Ball 1-0: Called Strike 1-1: Ball 2-1: Ball 3-1: Called Strike 3-2: Foul Ball, location: 2F 3-2: Foul Ball, location: 2F 3-2: Foul Ball, location: 2F 3-2: Foul Ball, location: 2F 3-2: Foul Ball, location: 2F 3-2: Foul Ball, location: 2F 3-2: Base on Balls
|
|
Batting: RHB Mario Soto
|
0-0: Ball 1-0: Ball 2-0: DOUBLE (Line Drive, 3D, EV 96.3 MPH) Mike Shelton to third Runner from 3rd tries for Home, SAFE, throw by RF to trailing runner, SAFE at third!
|
|
Batting: RHB Billy Sample
|
0-0: 2-RUN HOME RUN (Flyball, 78XD, EV 98.8 MPH), Distance : 427 ft
|
|
Batting: SHB Spike Owen
|
0-0: Ball 1-0: Ball 2-0: Fly out, F4 (Popup, 34S, EV 70.6 MPH)
|
| Bottom of the 4th over - 3 runs, 2 hits, 0 errors, 0 left on base; San Francisco 2 - Los Angeles 4 |
| TOP OF THE 5TH |
|
San Francisco Giants batting - Pitching for Los Angeles Dodgers : RHP Mario Soto
|
|
Batting: RHB Dickie Thon
|
0-0: Ball 1-0: Ball 2-0: Foul Ball, location: 2F 2-1: Ground out 6-3 (Groundball, 6, EV 108.1 MPH)
|
|
Batting: LHB Doug Frobel
|
0-0: Ball 1-0: Swinging Strike 1-1: Swinging Strike 1-2: Ball 2-2: Strikes out swinging
|
|
Batting: LHB Floyd Bannister
|
0-0: Ball 1-0: Swinging Strike 1-1: Foul Ball, location: 2F 1-2: Fly out, F8 (Flyball, 89D, EV 88.1 MPH)
|
| Top of the 5th over - 0 runs, 0 hits, 0 errors, 0 left on base; San Francisco 2 - Los Angeles 4 |
| BOTTOM OF THE 5TH |
|
Los Angeles Dodgers batting - Pitching for San Francisco Giants : LHP Floyd Bannister
|
|
Batting: RHB Dick Davis
|
0-0: Swinging Strike 0-1: Swinging Strike 0-2: Ball 1-2: Foul Ball, location: 2F 1-2: Foul Ball, location: 2F 1-2: Strikes out swinging, 2-3 out at first.
|
|
Batting: RHB Jerry Keller
|
0-0: Called Strike 0-1: Ball 1-1: Ground out 4-3 (Groundball, 34, EV 98.8 MPH)
|
|
Batting: RHB Barry Evans
|
0-0: Called Strike 0-1: Ball 1-1: Fly out, F7 (Flyball, 78XD, EV 106.3 MPH)
|
| Bottom of the 5th over - 0 runs, 0 hits, 0 errors, 0 left on base; San Francisco 2 - Los Angeles 4 |
| TOP OF THE 6TH |
|
San Francisco Giants batting - Pitching for Los Angeles Dodgers : RHP Mario Soto
|
|
Batting: SHB Larry Reynolds
|
0-0: Ball 1-0: Called Strike 1-1: Ball 2-1: Foul Ball, location: 2F 2-2: Strikes out swinging
|
|
Batting: RHB Kevin Howard
|
0-0: Called Strike 0-1: Ball 1-1: SINGLE (Line Drive, 6MD, EV 100.0 MPH)
|
|
Batting: LHB Keith Hernandez
|
0-0: Called Strike 0-1: Foul Ball, location: 2F 0-2: Ball 1-2: Fly out, F7 (Flyball, 78M, EV 76.3 MPH)
|
|
Batting: RHB Phil Bailey
|
0-0: Ball 1-0: Foul Ball, location: 2F 1-1: Foul Ball, location: 2F 1-2: Fielders Choice at 2nd, 6-4 (Groundball, 6, EV 100.6 MPH)
|
| Top of the 6th over - 0 runs, 1 hit, 0 errors, 1 left on base; San Francisco 2 - Los Angeles 4 |
| BOTTOM OF THE 6TH |
|
Los Angeles Dodgers batting - Pitching for San Francisco Giants : LHP Floyd Bannister
|
|
Batting: LHB Darren Daulton
|
0-0: Ball 1-0: Ball 2-0: Foul Ball, location: 2F 2-1: Foul Ball, location: 2F 2-2: Fly out, F9 (Flyball, 89S, EV 78.1 MPH)
|
|
Batting: RHB Roberto Reyes
|
0-0: Called Strike 0-1: Ball 1-1: Called Strike 1-2: Ball 2-2: Foul Ball, location: 2F 2-2: SINGLE (Line Drive, 89S, EV 112.5 MPH)
|
|
Batting: RHB Mike Shelton
|
0-0: Ball Roberto Reyes steals 2nd base (no throw) 1-0: Ball 2-0: Ball 3-0: Called Strike 3-1: Ground out 6-3 (Groundball, 6MD, EV 85.0 MPH) Roberto Reyes to third
|
|
Batting: RHB Mario Soto
|
0-0: Foul Ball, location: 2F 0-1: Ground out 5-3 (Groundball, 56, EV 110.0 MPH)
|
| Bottom of the 6th over - 0 runs, 1 hit, 0 errors, 1 left on base; San Francisco 2 - Los Angeles 4 |
| TOP OF THE 7TH |
|
San Francisco Giants batting - Pitching for Los Angeles Dodgers : RHP Mario Soto
|
|
Batting: RHB Don Slaught
|
0-0: Ball 1-0: Ball 2-0: Foul Ball, location: 2F 2-1: Swinging Strike 2-2: Strikes out looking
|
|
Batting: SHB Tyler O'Dell
|
0-0: Ground out U3 (Groundball, 34, EV 107.5 MPH)
|
|
Batting: RHB Dickie Thon
|
0-0: Ball 1-0: Ball 2-0: Called Strike 2-1: Ball 3-1: Foul Ball, location: 2F 3-2: Ground out U3 (Groundball, 34, EV 90.6 MPH)
|
| Top of the 7th over - 0 runs, 0 hits, 0 errors, 0 left on base; San Francisco 2 - Los Angeles 4 |
| BOTTOM OF THE 7TH |
|
Los Angeles Dodgers batting - Pitching for San Francisco Giants : LHP Floyd Bannister
|
|
Batting: RHB Billy Sample
|
0-0: Ball 1-0: Foul Ball, location: 2F 1-1: Called Strike 1-2: Foul Ball, location: 2F 1-2: Ball 2-2: Ball 3-2: Ground out 2-3 (Groundball, 2R, EV 69.4 MPH)
|
|
Pitching: RHP Dave Ford
|
|
|
Batting: SHB Spike Owen
|
0-0: Called Strike 0-1: Ground out 2-3 (Groundball, 13S, EV 71.3 MPH)
|
|
Batting: RHB Dick Davis
|
0-0: Ball 1-0: Fly out, F7 (Flyball, 7, EV 85.0 MPH)
|
| Bottom of the 7th over - 0 runs, 0 hits, 0 errors, 0 left on base; San Francisco 2 - Los Angeles 4 |
| TOP OF THE 8TH |
|
San Francisco Giants batting - Pitching for Los Angeles Dodgers : RHP Mario Soto
|
|
Batting: LHB Doug Frobel
|
0-0: Ball 1-0: Called Strike 1-1: Called Strike 1-2: Strikes out swinging
|
|
Pinch Hitting: LHB Kevin Christensen
|
0-0: Ground out 1-3 (Groundball, 13, EV 76.3 MPH)
|
|
Batting: SHB Larry Reynolds
|
0-0: Ball 1-0: Ball 2-0: Ball 3-0: Base on Balls
|
|
Batting: RHB Kevin Howard
|
0-0: Foul Ball, location: 2F 0-1: Ball 1-1: Ball 2-1: Ball 3-1: Fly out, F8 (Flyball, 89XD, EV 100.6 MPH)
|
| Top of the 8th over - 0 runs, 0 hits, 0 errors, 1 left on base; San Francisco 2 - Los Angeles 4 |
| BOTTOM OF THE 8TH |
|
Los Angeles Dodgers batting - Pitching for San Francisco Giants : RHP Dave Ford
|
|
Pitching: RHP Charles Davis
|
|
|
Batting: RHB Jerry Keller
|
0-0: Ball 1-0: Ground out 5-3 (Groundball, 5S, EV 68.8 MPH)
|
|
Batting: RHB Barry Evans
|
0-0: Swinging Strike 0-1: Foul Ball, location: 2F 0-2: Ball 1-2: Fly out, F8 (Flyball, 78XD, EV 84.4 MPH)
|
|
Batting: LHB Darren Daulton
|
0-0: Called Strike 0-1: Ground out 6-3 (Groundball, P, EV 86.9 MPH)
|
| Bottom of the 8th over - 0 runs, 0 hits, 0 errors, 0 left on base; San Francisco 2 - Los Angeles 4 |
| TOP OF THE 9TH |
|
San Francisco Giants batting - Pitching for Los Angeles Dodgers : RHP Mario Soto
|
|
Now at 1B: Chris W Smith
|
|
|
Batting: LHB Keith Hernandez
|
0-0: Ball 1-0: Ball 2-0: DOUBLE (Groundball, 3L, EV 103.8 MPH)
|
|
Batting: RHB Phil Bailey
|
0-0: Ball 1-0: Called Strike 1-1: Ball 2-1: Ball 3-1: Base on Balls
|
|
Batting: RHB Don Slaught
|
0-0: Called Strike 0-1: Called Strike 0-2: Ground out 4-3 (Groundball, 4MS, EV 86.3 MPH) Keith Hernandez to third Phil Bailey to second
|
|
Pinch Hitting: SHB Kevin Bass
|
0-0: SINGLE (Line Drive, 4MD, EV 102.5 MPH) Keith Hernandez scores Phil Bailey to third Runner from 3rd tries for Home, SAFE, throw by CF to home Kevin Bass to second
|
|
Pitching: RHP Steve Foucault
|
|
|
Now at C: Thomas Franklin
|
|
|
Batting: RHB Dickie Thon
|
0-0: Ball 1-0: Called Strike 1-1: Ground out 4-3 (Groundball, 4M, EV 100.0 MPH) Kevin Bass to third
|
|
Batting: LHB Doug Frobel
|
0-0: Ground out U3 (Groundball, 3, EV 87.5 MPH)
|
| Top of the 9th over - 2 runs, 2 hits, 0 errors, 1 left on base; San Francisco 4 - Los Angeles 4 |
| BOTTOM OF THE 9TH |
|
Los Angeles Dodgers batting - Pitching for San Francisco Giants : RHP Charles Davis
|
|
Now in RF: Kevin Bass
|
|
|
Batting: RHB Roberto Reyes
|
0-0: Ball 1-0: Ground out 1-3 (Groundball, 15S, EV 68.1 MPH)
|
|
Pinch Hitting: LHB Ronald Jackson
|
0-0: Swinging Strike 0-1: DOUBLE (Line Drive, 8RD, EV 93.1 MPH)
|
|
Batting: RHB Thomas Franklin
|
0-0: Called Strike 0-1: Foul Ball, location: 2F 0-2: Foul Ball, location: 2F 0-2: Strikes out looking
|
|
Batting: RHB Billy Sample
|
0-0: Intentional Walk
|
|
Batting: SHB Spike Owen
|
0-0: Ball 1-0: Called Strike 1-1: Foul Ball, location: 2F 1-2: Fly out, F8 (Flyball, 8RD, EV 81.3 MPH)
|
| Bottom of the 9th over - 0 runs, 1 hit, 0 errors, 2 left on base; San Francisco 4 - Los Angeles 4 |
| TOP OF THE 10TH |
|
San Francisco Giants batting - Pitching for Los Angeles Dodgers : RHP Steve Foucault
|
|
Now at 3B: Ronald Jackson
|
|
|
Pinch Hitting: RHB Billy L Smith
|
0-0: Called Strike 0-1: SINGLE (Groundball, 4MD, EV 94.4 MPH)
|
|
Batting: SHB Larry Reynolds
|
0-0: Called Strike 0-1: Ball 1-1: Ball 2-1: Foul Ball, location: 2F 2-2: Fly out, F8 (Line Drive, 8RM, EV 97.5 MPH)
|
|
Batting: RHB Kevin Howard
|
0-0: Called Strike 0-1: Ball 1-1: Called Strike 1-2: Foul Ball, location: 2F 1-2: Foul Ball, location: 2F 1-2: Foul Ball, location: 2F 1-2: Grounds into double play, 4-6-3 (Groundball, 4, EV 111.3 MPH)
|
| Top of the 10th over - 0 runs, 1 hit, 0 errors, 0 left on base; San Francisco 4 - Los Angeles 4 |
| BOTTOM OF THE 10TH |
|
Los Angeles Dodgers batting - Pitching for San Francisco Giants : RHP Charles Davis
|
|
Pitching: LHP Sheldon Burnside
|
|
|
Batting: RHB Dick Davis
|
0-0: Ball 1-0: Ball 2-0: Ball 3-0: Called Strike 3-1: Base on Balls
|
|
Batting: SHB Chris W Smith
|
0-0: Ball 1-0: Foul Ball, location: 2F 1-1: Fielders Choice at 2nd, 5-4 (Groundball, 56, EV 90.0 MPH)
|
|
Batting: RHB Barry Evans
|
0-0: Ball 1-0: Fly out, F9 (Flyball, 9, EV 81.9 MPH)
|
|
Pinch Hitting: RHB Carney Lansford
|
0-0: Ball Wild Pitch! Chris W Smith to second 1-0: Called Strike 1-1: Called Strike 1-2: Ball 2-2: Fly out, F9 (Flyball, 9S, EV 72.5 MPH)
|
| Bottom of the 10th over - 0 runs, 0 hits, 0 errors, 1 left on base; San Francisco 4 - Los Angeles 4 |
| TOP OF THE 11TH |
|
San Francisco Giants batting - Pitching for Los Angeles Dodgers : RHP Steve Foucault
|
|
Pitching: RHP Chuck Porter
|
|
|
Batting: LHB Keith Hernandez
|
0-0: DOUBLE (Flyball, 8LXD, EV 111.3 MPH)
|
|
Batting: RHB Phil Bailey
|
0-0: Ball 1-0: Ball 2-0: DOUBLE (Line Drive, 3D, EV 106.3 MPH) Keith Hernandez scores
|
|
Batting: RHB Don Slaught
|
0-0: Ball 1-0: DOUBLE (Line Drive, 8RD, EV 105.6 MPH) Phil Bailey scores
|
|
Batting: SHB Kevin Bass
|
0-0: Intentional Walk
|
|
Batting: RHB Dickie Thon
|
0-0: Called Strike 0-1: Ball 1-1: SINGLE (Line Drive, 89S, EV 87.5 MPH) Don Slaught to third Kevin Bass to second Runner from 3rd tries for Home, SAFE, throw by RF to home
|
|
Batting: LHB Doug Frobel
|
0-0: Called Strike 0-1: Called Strike 0-2: Strikes out swinging
|
|
Pinch Hitting: LHB James Durrman
|
0-0: Called Strike 0-1: Fly out, F8 (Flyball, 8RM, EV 85.0 MPH)
|
|
Batting: SHB Larry Reynolds
|
0-0: Ball 1-0: Ball 2-0: Ground out U3 (Groundball, 34S, EV 69.4 MPH)
|
| Top of the 11th over - 3 runs, 4 hits, 0 errors, 2 left on base; San Francisco 7 - Los Angeles 4 |
| BOTTOM OF THE 11TH |
|
Los Angeles Dodgers batting - Pitching for San Francisco Giants : LHP Sheldon Burnside
|
|
Pitching: RHP Ross Davis
|
|
|
Batting: RHB Roberto Reyes
|
0-0: Fly out, F7 (Flyball, 78S, EV 95.0 MPH)
|
|
Batting: LHB Ronald Jackson
|
0-0: Fly out, F8 (Flyball, 8LD, EV 87.5 MPH)
|
|
Batting: RHB Thomas Franklin
|
0-0: Ball 1-0: Foul Ball, location: 2F 1-1: Foul Ball, location: 2F 1-2: Ball 2-2: Strikes out swinging
|
| Bottom of the 11th over - 0 runs, 0 hits, 0 errors, 0 left on base; San Francisco 7 - Los Angeles 4 |
|